COLORADO Avalanche vs WASHINGTON Capitals

Created - 5 février 2019 at 16:12

Goals
1 2 3 T
COLORADO Avalanche 1 4 0 5
WASHINGTON Capitals 0 3 0 3
Shots
1 2 3 T
COLORADO Avalanche 5 16 9 30
WASHINGTON Capitals 8 16 7 31

1st period

1. COLORADO Avalanche , Darren Helm 3 (Jonas Brodin 22, David Perron 25) at 13:50

Penalties :
Trevor Daley (WSH) for Slashing (Minor) at 3:42

2nd period

2. COLORADO Avalanche , Dan Girardi 6 (David Pastrnak 26, Craig Smith 25) at 0:34
3. WASHINGTON Capitals , Derek Stepan 8 (Gustav Nyquist 19, Christian Dvorak 15) at 4:24
4. WASHINGTON Capitals , Blake Comeau 13 (Thomas Hickey 18, Trevor Daley 22) at 9:33 (PP)
5. COLORADO Avalanche , David Perron 17 (Darren Helm 13, Patrick Maroon 9) at 12:19
6. COLORADO Avalanche , Jonas Brodin 10 (Jeff Skinner 18, David Pastrnak 27) at 12:53
7. COLORADO Avalanche , David Perron 18 (Darren Helm 14, Jonathan Ericsson 13) at 15:00
8. WASHINGTON Capitals , William Karlsson 31 (Anton Stralman 30) at 16:57

Penalties :
Jonathan Ericsson (COL) for Slashing (Minor) at 7:35

3rd period

No Goal

Penalties :
No Penalty

Goalie Stats

Brian Elliott (COL), 28 saves from 31 shots - (0,903), W, 18-23-3, 60:00 minutes
Jimmy Howard (WSH), 13 saves from 17 shots - (0,765), L, 8-12-2, 32:53 minutes
Robin Lehner (WSH), 12 saves from 13 shots - (0,923), 27:07 minutes

Players Stats for COLORADO Avalanche

Player Name              G  A  P  +/- PIM S  H  SB GA TA FO     MP     PP MP  PK MP  
------------------------------------------------------------------------------------
Adam McQuaid             0  0  0   1  0   0  1  2  0  0  0/0    15:08   0:00   0:53 
Carl Hagelin             0  0  0   0  0   2  0  0  0  0  0/0     5:37   0:00   0:00 
Craig Smith              0  1  1   1  0   1  2  0  0  0  13/27  22:45   1:15   0:36 
Dan Girardi              1  0  1   0  0   1  1  1  0  0  0/0    24:10   1:15   1:05 
Darren Helm              1  2  3   2  0   3  2  0  0  0  15/25  18:20   0:44   0:00 
David Pastrnak           0  2  2   1  0   8  2  0  0  0  1/2    22:09   1:15   0:00 
David Perron             2  1  3   2  0   6  1  1  0  0  0/0    19:42   0:44   1:22 
David Savard             0  0  0   0  0   0  2  0  0  0  0/0    24:10   1:15   1:05 
Jeff Skinner             0  1  1   1  0   2  0  0  0  0  1/1    22:45   1:15   0:36 
Jonas Brodin             1  1  2   2  0   4  0  2  0  0  0/0    21:35   0:44   0:53 
Jonathan Ericsson        0  1  1   2  2   0  1  2  0  0  0/0    20:41   0:44   0:00 
Jordie Benn              0  0  0   1  0   0  1  0  0  0  0/0    14:15   0:00   0:00 
Kris Versteeg            0  0  0   0  0   0  0  1  0  0  0/1     5:37   0:00   0:00 
Mathieu Perreault        0  0  0   0  0   0  2  0  0  0  5/11   11:56   0:00   0:00 
Patrick Maroon           0  1  1   2  0   1  1  0  0  0  1/1    18:20   0:44   0:00 
Rick Nash                0  0  0   0  0   1  0  0  0  0  1/2    11:56   0:00   0:00 
Ryan Spooner             0  0  0   0  0   0  1  0  0  0  0/0    11:56   0:00   0:00 
Zack Smith               0  0  0   0  0   1  0  0  0  0  4/10    6:59   0:00   1:22 

Players Stats for WASHINGTON Capitals

Player Name              G  A  P  +/- PIM S  H  SB GA TA FO     MP     PP MP  PK MP  
------------------------------------------------------------------------------------
Adam Larsson             0  0  0  -2  0   0  1  2  0  0  0/0    24:28   0:59   0:41 
Andy Greene              0  0  0   1  0   2  0  1  0  0  0/0    20:42   0:00   0:56 
Anton Stralman           0  1  1  -2  0   2  0  1  0  0  0/0    23:46   0:59   0:43 
Blake Coleman            0  0  0  -1  0   0  0  0  0  0  3/9     8:05   0:00   0:29 
Blake Comeau             1  0  1  -2  0   5  2  0  0  0  1/1    22:54   0:59   0:41 
Braydon Coburn           0  0  0  -2  0   0  1  2  0  0  0/0    14:55   0:00   0:42 
Brock Boeser             0  0  0  -2  0   2  0  0  0  0  1/1    22:13   0:59   0:00 
Christian Dvorak         0  1  1   1  0   0  1  0  0  0  2/2    18:15   0:59   1:11 
Derek Stepan             1  0  1   1  0   4  0  0  0  0  17/23  17:23   0:59   0:19 
Gustav Nyquist           0  1  1   1  0   5  1  1  0  0  1/1    17:04   0:59   0:00 
Jakub Vrana              0  0  0  -1  0   1  1  0  0  0  0/0    11:08   0:00   0:00 
Jordan Weal              0  0  0  -1  0   1  0  0  0  0  0/0     7:43   0:00   0:07 
Matt Hendricks           0  0  0  -1  0   0  1  1  0  0  0/0     7:36   0:00   0:00 
Pavel Buchnevich         0  0  0  -1  0   2  1  0  0  0  1/1    11:08   0:00   0:00 
Ryan Strome              0  0  0  -1  0   0  0  0  0  0  3/8    11:08   0:00   0:00 
Thomas Hickey            0  1  1  -2  0   3  1  0  0  0  0/0    16:08   0:59   0:56 
Trevor Daley             0  1  1   1  2   1  2  1  0  0  0/0    20:00   0:59   0:00 
William Karlsson         1  0  1  -2  0   3  1  1  0  0  10/34  23:24   0:59   1:11 

3 Stars

1 - David Perron (COL)
2 - Darren Helm (COL)
3 - Jonas Brodin (COL)

Power Play

COLORADO Avalanche - 0 on 1 Attempt(s) - 0,00%
WASHINGTON Capitals - 1 on 1 Attempt(s) - 100,00%

Penalty Kill

COLORADO Avalanche - 0 on 1 Attempt(s) - 0,00% - Score 0 goal in Penalty Kill
WASHINGTON Capitals - 1 on 1 Attempt(s) - 100,00% - Score 0 goal in Penalty Kill

Team Stat

COLORADO Avalanche - Hits : 17 - Faceoff Wins : 41 - Blocked Shots : 9 - Penalty Minutes : 2
WASHINGTON Capitals - Hits : 13 - Faceoff Wins : 39 - Blocked Shots : 10 - Penalty Minutes : 2

Official

Referees : Unknown
Linesman : Unknown

Game Notes

Robin Lehner enters game at 12:53 of 2nd period

Finance

Level 1 -- Attendance: 4756 (79,27%) -- Ticket Income 475 600 $
Level 2 -- Attendance: 3932 (78,64%) -- Ticket Income 235 920 $
Level 3 -- Attendance: 1600 (80,00%) -- Ticket Income 64 000 $
Level 4 -- Attendance: 2779 (69,48%) -- Ticket Income 69 475 $
Luxury Box -- Attendance: 844 (84,40%) -- Ticket Income 168 800 $
Game was played at the Verizon Center.
Total Attendance: 13911 (77,28%)
Total Ticket Income: 1 013 795 $
Other Income: 395 380 $
Total Income: 1 409 175 $

COLORADO Avalanche

5 vs 5 Forward 
   Center                   Left Wing                Right Wing               Time % Phy DF OF 
 1 Craig Smith              Jeff Skinner             David Pastrnak           40     0   1  4  
 2 Darren Helm              David Perron             Patrick Maroon           30     0   2  3  
 3 Mathieu Perreault        Ryan Spooner             Rick Nash                20     1   2  2  
 4 Zack Smith               Kris Versteeg            Carl Hagelin             10     0   3  2  

5 vs 5 Defense 
   Defense                  Defense                                           Time % Phy DF OF 
 1 Dan Girardi              David Savard                                      40     1   2  2  
 2 Jonathan Ericsson        Jonas Brodin                                      30     1   2  2  
 3 Adam McQuaid             Jordie Benn                                       20     1   2  2  
 4 Dan Girardi              David Savard                                      10     1   2  2  

PowerPlay Forward 
   Center                   Left Wing                Right Wing               Time % Phy DF OF 
 1 Craig Smith              Jeff Skinner             David Pastrnak           60     0   1  4  
 2 Darren Helm              David Perron             Patrick Maroon           40     0   2  3  

PowerPlay Defense
   Defense                  Defense                                           Time % Phy DF OF 
 1 Dan Girardi              David Savard                                      60     0   2  3  
 2 Jonathan Ericsson        Jonas Brodin                                      40     0   2  3  

Penalty Kill 4 Players Forward 
   Center                   Wing                     Time % Phy DF OF 
 1 Zack Smith               David Perron             60     1   2  2  
 2 Craig Smith              Jeff Skinner             40     1   2  2  

Penalty Kill 4 Players Defense
   Defense                  Defense                  Time % Phy DF OF 
 1 Dan Girardi              David Savard             60     1   2  2  
 2 Adam McQuaid             Jonas Brodin             40     1   2  2  

Penalty Kill - 3 Players Forward 
   Forward                                           Time % Phy DF OF 
 1 Darren Helm                                       60     1   2  2  
 2 Zack Smith                                        40     1   2  2  

Penalty Kill - 3 Players Defense
   Defense                  Defense                  Time % Phy DF OF 
 1 Dan Girardi              Jonas Brodin             60     1   2  2  
 2 Jonas Brodin             Adam McQuaid             40     1   2  2  

4 vs 4 Forward 
   Center                   Wing                     Time % Phy DF OF 
 1 Darren Helm              David Pastrnak           60     1   2  2  
 2 Craig Smith              Mathieu Perreault        40     1   2  2  

4 vs 4 Defense
   Defense                  Defense                  Time % Phy DF OF 
 1 Dan Girardi              David Savard             60     1   2  2  
 2 Jonathan Ericsson        Jonas Brodin             40     1   2  2  

Last Minutes Offensive
   Center                   Left Wing                Right Wing               Defense                  Defense                  
   Craig Smith              Jeff Skinner             David Pastrnak           Dan Girardi              Jonas Brodin             

Last Minutes Defensive
   Center                   Left Wing                Right Wing               Defense                  Defense                  
   Darren Helm              David Pastrnak           Rick Nash                Adam McQuaid             Jonas Brodin             

Goaltenders
Starting : Brian Elliott            
Backup : Anton Khudobin           

Extra Forwards
Normal : David Pastrnak, Darren Helm, David Perron - PP : David Pastrnak, Darren Helm - PK : Darren Helm
Extra Defensemen
Normal : Dan Girardi, Jordie Benn, David Savard - PP : Jonas Brodin - PK : Adam McQuaid, David Savard
Penalty Shots
David Pastrnak, Jeff Skinner, Darren Helm, David Perron, Craig Smith

WASHINGTON Capitals

5 vs 5 Forward 
   Center                   Left Wing                Right Wing               Time % Phy DF OF 
 1 William Karlsson         Blake Comeau             Brock Boeser             39     0   1  3  
 2 Derek Stepan             Christian Dvorak         Gustav Nyquist           29     1   2  2  
 3 Ryan Strome              Jakub Vrana              Pavel Buchnevich         19     1   2  2  
 4 Blake Coleman            Jordan Weal              Matt Hendricks           13     2   2  1  

5 vs 5 Defense 
   Defense                  Defense                                           Time % Phy DF OF 
 1 Adam Larsson             Anton Stralman                                    45     1   3  1  
 2 Andy Greene              Trevor Daley                                      30     1   3  1  
 3 Braydon Coburn           Thomas Hickey                                     20     1   3  1  
 4 Andy Greene              Adam Larsson                                      5      0   5  0  

PowerPlay Forward 
   Center                   Left Wing                Right Wing               Time % Phy DF OF 
 1 William Karlsson         Gustav Nyquist           Blake Comeau             50     1   0  4  
 2 Derek Stepan             Christian Dvorak         Brock Boeser             50     1   0  4  

PowerPlay Defense
   Defense                  Defense                                           Time % Phy DF OF 
 1 Thomas Hickey            Trevor Daley                                      60     1   1  3  
 2 Adam Larsson             Anton Stralman                                    40     1   1  3  

Penalty Kill 4 Players Forward 
   Center                   Wing                     Time % Phy DF OF 
 1 William Karlsson         Christian Dvorak         60     1   4  0  
 2 Blake Coleman            Blake Comeau             40     1   4  0  

Penalty Kill 4 Players Defense
   Defense                  Defense                  Time % Phy DF OF 
 1 Andy Greene              Anton Stralman           60     1   4  0  
 2 Adam Larsson             Trevor Daley             40     1   4  0  

Penalty Kill - 3 Players Forward 
   Forward                                           Time % Phy DF OF 
 1 Derek Stepan                                      60     0   5  0  
 2 William Karlsson                                  40     0   5  0  

Penalty Kill - 3 Players Defense
   Defense                  Defense                  Time % Phy DF OF 
 1 Andy Greene              Anton Stralman           60     1   4  0  
 2 Adam Larsson             Trevor Daley             40     1   4  0  

4 vs 4 Forward 
   Center                   Wing                     Time % Phy DF OF 
 1 William Karlsson         Blake Comeau             60     1   2  2  
 2 Derek Stepan             Gustav Nyquist           40     1   2  2  

4 vs 4 Defense
   Defense                  Defense                  Time % Phy DF OF 
 1 Anton Stralman           Adam Larsson             60     1   2  2  
 2 Andy Greene              Braydon Coburn           40     1   2  2  

Last Minutes Offensive
   Center                   Left Wing                Right Wing               Defense                  Defense                  
   William Karlsson         Gustav Nyquist           Derek Stepan             Thomas Hickey            Trevor Daley             

Last Minutes Defensive
   Center                   Left Wing                Right Wing               Defense                  Defense                  
   William Karlsson         Gustav Nyquist           Derek Stepan             Anton Stralman           Trevor Daley             

Goaltenders
Starting : Jimmy Howard             
Backup : Robin Lehner             

Extra Forwards
Normal : Christian Dvorak, William Karlsson, Derek Stepan - PP : Christian Dvorak, Derek Stepan - PK : Derek Stepan
Extra Defensemen
Normal : Braydon Coburn, Thomas Hickey, Andy Greene - PP : Braydon Coburn - PK : Thomas Hickey, Braydon Coburn
Penalty Shots
Brock Boeser, William Karlsson, Gustav Nyquist, Ryan Strome, Christian Dvorak


% Time on Ice - COLORADO Avalanche

Lines # - Real PCT - Wanted PCT - Time Play
Normal Forward
1 - 37% - 40% - 20:54
2 - 31% - 30% - 17:36
3 - 21% - 20% - 11:56
4 - 10% - 10% - 5:37
Normal Defense
1 - 34% - 40% - 19:05
2 - 36% - 30% - 19:58
3 - 25% - 20% - 14:15
4 - 5% - 10% - 2:45
PP Forward
1 - 63% - 60% - 1:15
2 - 37% - 40% - 0:44
PP Defense
1 - 63% - 60% - 1:15
2 - 37% - 40% - 0:44
PK Forward
1 - 69% - 60% - 1:22
2 - 31% - 40% - 0:36
PK Defense
1 - 55% - 60% - 1:05
2 - 45% - 40% - 0:53
PK3 Forward
1 - 0% - 60%
2 - 0% - 40%
PK3 Defense
1 - 0% - 60%
2 - 0% - 40%
44 Forward
1 - 0% - 60%
2 - 0% - 40%
44 Defense
1 - 0% - 60%
2 - 0% - 40%
Last Minute Offensive  - 0:00
Last Minute Defensive  - 0:00
Total
Forward - 60:00
Defense - 60:00

% Time on Ice - WASHINGTON Capitals

Lines # - Real PCT - Wanted PCT - Time Play
Normal Forward
1 - 38% - 39% - 21:14
2 - 29% - 29% - 16:05
3 - 20% - 19% - 11:08
4 - 14% - 13% - 7:36
Normal Defense
1 - 39% - 45% - 22:04
2 - 34% - 30% - 19:02
3 - 25% - 20% - 14:13
4 - 1% - 5% - 0:44
PP Forward
1 - 50% - 50% - 0:59
2 - 50% - 50% - 0:59
PP Defense
1 - 50% - 60% - 0:59
2 - 50% - 40% - 0:59
PK Forward
1 - 66% - 60% - 1:18
2 - 34% - 40% - 0:41
PK Defense
1 - 36% - 60% - 0:43
2 - 64% - 40% - 1:16
PK3 Forward
1 - 0% - 60%
2 - 0% - 40%
PK3 Defense
1 - 0% - 60%
2 - 0% - 40%
44 Forward
1 - 0% - 60%
2 - 0% - 40%
44 Defense
1 - 0% - 60%
2 - 0% - 40%
Last Minute Offensive  - 0:00
Last Minute Defensive  - 0:00
Total
Forward - 60:00
Defense - 60:00

Play-by-Play

1st period


0:01 of 1st period - Craig Smith wins face-off versus William Karlsson in neutral zone.
0:15 of 1st period - Shot by Craig Smith.
0:15 of 1st period - Deflect By Jeff Skinner.
0:15 of 1st period - Stopped by Jimmy Howard without a rebound.
0:16 of 1st period - Derek Stepan wins face-off versus Darren Helm in WASHINGTON Capitals zone.
0:29 of 1st period - Shot by Christian Dvorak.
0:29 of 1st period - Deflect By Derek Stepan.
0:29 of 1st period - Stopped by Brian Elliott without a rebound.
0:30 of 1st period - Mathieu Perreault wins face-off versus Ryan Strome in COLORADO Avalanche zone.
1:33 of 1st period - Shot by William Karlsson.
1:33 of 1st period - Stopped by Brian Elliott without a rebound.
1:34 of 1st period - Craig Smith wins face-off versus Derek Stepan in COLORADO Avalanche zone.
1:34 of 1st period - Jeff Skinner is hit by Gustav Nyquist.
2:12 of 1st period - Shot by Derek Stepan.
2:12 of 1st period - Stopped by Brian Elliott without a rebound.
2:13 of 1st period - Darren Helm wins face-off versus William Karlsson in COLORADO Avalanche zone.
2:19 of 1st period - Icing by David Perron.
2:20 of 1st period - Darren Helm wins face-off versus Blake Coleman in COLORADO Avalanche zone.
2:20 of 1st period - Darren Helm is hit by Matt Hendricks.
2:37 of 1st period - Blake Coleman is hit by David Perron and loses puck.
3:28 of 1st period - David Pastrnak is hit by Trevor Daley and loses puck.
3:41 of 1st period - Shot by Jeff Skinner.
3:41 of 1st period - Shot Misses the Net.
3:42 of 1st period - Minor Penalty to Trevor Daley for Slashing.
3:43 of 1st period - William Karlsson wins face-off versus Craig Smith in WASHINGTON Capitals zone.
4:36 of 1st period - William Karlsson is hit by Darren Helm and loses puck.
5:05 of 1st period - Shot by Dan Girardi.
5:05 of 1st period - Shot Misses the Net.
5:42 of 1st period - Shot by Patrick Maroon.
5:42 of 1st period - Shot Blocked by Andy Greene.
6:35 of 1st period - Shot by Jonas Brodin.
6:35 of 1st period - Shot Misses the Net.
6:37 of 1st period - Shot by Jonathan Ericsson.
6:37 of 1st period - Shot Misses the Net.
6:45 of 1st period - Shot by Rick Nash.
6:45 of 1st period - Stopped by Jimmy Howard without a rebound.
6:46 of 1st period - Blake Coleman wins face-off versus Darren Helm in WASHINGTON Capitals zone.
8:10 of 1st period - Shot by William Karlsson.
8:10 of 1st period - Stopped by Brian Elliott without a rebound.
8:11 of 1st period - Derek Stepan wins face-off versus Craig Smith in COLORADO Avalanche zone.
8:24 of 1st period - Shot by Gustav Nyquist.
8:24 of 1st period - Stopped by Brian Elliott with a rebound.
8:26 of 1st period - Shot by Derek Stepan.
8:26 of 1st period - Stopped by Brian Elliott without a rebound.
8:27 of 1st period - Ryan Strome wins face-off versus Mathieu Perreault in COLORADO Avalanche zone.
8:28 of 1st period - Shot by Pavel Buchnevich.
8:28 of 1st period - Stopped by Brian Elliott with a rebound.
8:30 of 1st period - Shot by Anton Stralman.
8:30 of 1st period - Shot Misses the Net.
8:38 of 1st period - Shot by Ryan Strome.
8:38 of 1st period - Shot Misses the Net.
8:52 of 1st period - Shot by Pavel Buchnevich.
8:52 of 1st period - Deflect By Jakub Vrana.
8:52 of 1st period - Shot Misses the Net.
9:26 of 1st period - Icing by Jeff Skinner.
9:27 of 1st period - Craig Smith wins face-off versus William Karlsson in COLORADO Avalanche zone.
9:29 of 1st period - Icing by David Pastrnak.
9:30 of 1st period - William Karlsson wins face-off versus Craig Smith in COLORADO Avalanche zone.
9:30 of 1st period - Andy Greene is hit by David Savard and loses puck.
9:47 of 1st period - Shot by David Pastrnak.
9:47 of 1st period - Stopped by Jimmy Howard without a rebound.
9:48 of 1st period - Darren Helm wins face-off versus Derek Stepan in WASHINGTON Capitals zone.
9:51 of 1st period - Shot by Patrick Maroon.
9:51 of 1st period - Shot Misses the Net.
9:53 of 1st period - Shot by David Perron.
9:53 of 1st period - Shot Misses the Net.
9:55 of 1st period - Shot by Dan Girardi.
9:55 of 1st period - Shot Misses the Net.
10:36 of 1st period - Derek Stepan is hit by Jordie Benn and loses puck.
10:45 of 1st period - Shot by David Pastrnak.
10:45 of 1st period - Deflect By Craig Smith.
10:45 of 1st period - Shot Blocked by Gustav Nyquist.
10:55 of 1st period - Shot by David Pastrnak.
10:55 of 1st period - Shot Misses the Net.
11:04 of 1st period - Icing by Braydon Coburn.
11:05 of 1st period - Zack Smith wins face-off versus Derek Stepan in WASHINGTON Capitals zone.
11:10 of 1st period - Shot by Carl Hagelin.
11:10 of 1st period - Deflect By Kris Versteeg.
11:10 of 1st period - Shot Blocked by Braydon Coburn.
11:28 of 1st period - Shot by Zack Smith.
11:28 of 1st period - Shot Blocked by William Karlsson.
11:32 of 1st period - Shot by Carl Hagelin.
11:32 of 1st period - Shot Misses the Net.
11:34 of 1st period - Shot by Carl Hagelin.
11:34 of 1st period - Shot Blocked by Anton Stralman.
11:36 of 1st period - Shot by Jonathan Ericsson.
11:36 of 1st period - Shot Misses the Net.
11:38 of 1st period - Shot by Kris Versteeg.
11:38 of 1st period - Deflect By Zack Smith.
11:38 of 1st period - Stopped by Jimmy Howard without a rebound.
11:39 of 1st period - Craig Smith wins face-off versus Blake Coleman in WASHINGTON Capitals zone.
12:38 of 1st period - Shot by Ryan Spooner.
12:38 of 1st period - Shot Misses the Net.
13:09 of 1st period - Shot by Brock Boeser.
13:09 of 1st period - Shot Misses the Net.
13:50 of 1st period - Shot by Darren Helm.
13:50 of 1st period - The goal is going for a video replay.
13:50 of 1st period - The goal is good.
13:50 of 1st period - Goal by Darren Helm - COLORADO Avalanche : 1 - WASHINGTON Capitals : 0.
13:51 of 1st period - Derek Stepan wins face-off versus Craig Smith in neutral zone.
14:13 of 1st period - David Pastrnak is hit by Trevor Daley and loses puck.
15:45 of 1st period - Jonathan Ericsson is hit by Blake Comeau and loses puck.
16:27 of 1st period - Shot by Pavel Buchnevich.
16:27 of 1st period - Deflect By Ryan Strome.
16:27 of 1st period - Shot Blocked by Adam McQuaid.
16:55 of 1st period - Shot by Gustav Nyquist.
16:55 of 1st period - Shot Misses the Net.
17:07 of 1st period - Shot by Derek Stepan.
17:07 of 1st period - Shot Blocked by Kris Versteeg.
17:14 of 1st period - Icing by Carl Hagelin.
17:15 of 1st period - Blake Coleman wins face-off versus Zack Smith in COLORADO Avalanche zone.
17:37 of 1st period - Off-side.
17:38 of 1st period - William Karlsson wins face-off versus Mathieu Perreault in neutral zone.
18:10 of 1st period - Icing by Dan Girardi.
18:11 of 1st period - Mathieu Perreault wins face-off versus Derek Stepan in COLORADO Avalanche zone.
18:34 of 1st period - Off-side.
18:35 of 1st period - Craig Smith wins face-off versus Blake Coleman in neutral zone.
18:40 of 1st period - Shot by David Pastrnak.
18:40 of 1st period - Deflect By Craig Smith.
18:40 of 1st period - Shot Blocked by Adam Larsson.
18:42 of 1st period - Shot by David Pastrnak.
18:42 of 1st period - Shot Misses the Net.
18:44 of 1st period - Shot by Craig Smith.
18:44 of 1st period - Shot Misses the Net.
18:46 of 1st period - Shot by Jonas Brodin.
18:46 of 1st period - Shot Blocked by Adam Larsson.
18:53 of 1st period - Adam Larsson is hit by Jonathan Ericsson and loses puck.
19:55 of 1st period - Shot by Brock Boeser.
19:55 of 1st period - Stopped by Brian Elliott without a rebound.
19:56 of 1st period - Derek Stepan wins face-off versus Mathieu Perreault in COLORADO Avalanche zone.
Goals for this period are 1 for COLORADO Avalanche vs 0 for WASHINGTON Capitals.
Shots for this period are 5 for COLORADO Avalanche vs 8 for WASHINGTON Capitals.

2nd period


0:01 of 2nd period - Jeff Skinner wins face-off versus William Karlsson in neutral zone.
0:32 of 2nd period - Shot by David Pastrnak.
0:32 of 2nd period - Stopped by Jimmy Howard with a rebound.
0:34 of 2nd period - Shot by Dan Girardi.
0:34 of 2nd period - Goal by Dan Girardi - COLORADO Avalanche : 2 - WASHINGTON Capitals : 0.
0:35 of 2nd period - Derek Stepan wins face-off versus Darren Helm in neutral zone.
0:35 of 2nd period - Derek Stepan is hit by Patrick Maroon.
0:49 of 2nd period - Shot by David Perron.
0:49 of 2nd period - Shot Misses the Net.
2:12 of 2nd period - Shot by David Pastrnak.
2:12 of 2nd period - Stopped by Jimmy Howard without a rebound.
2:13 of 2nd period - Rick Nash wins face-off versus William Karlsson in WASHINGTON Capitals zone.
2:13 of 2nd period - Adam McQuaid is hit by Braydon Coburn and loses puck.
2:47 of 2nd period - Icing by Adam McQuaid.
2:48 of 2nd period - Gustav Nyquist wins face-off versus Mathieu Perreault in COLORADO Avalanche zone.
3:25 of 2nd period - Shot by David Pastrnak.
3:25 of 2nd period - Stopped by Jimmy Howard without a rebound.
3:26 of 2nd period - William Karlsson wins face-off versus Darren Helm in WASHINGTON Capitals zone.
3:46 of 2nd period - Icing by Anton Stralman.
3:47 of 2nd period - Blake Comeau wins face-off versus Craig Smith in WASHINGTON Capitals zone.
4:04 of 2nd period - Shot by David Pastrnak.
4:04 of 2nd period - Stopped by Jimmy Howard without a rebound.
4:05 of 2nd period - Darren Helm wins face-off versus Derek Stepan in WASHINGTON Capitals zone.
4:06 of 2nd period - Shot by David Perron.
4:06 of 2nd period - Stopped by Jimmy Howard with a rebound.
4:22 of 2nd period - Shot by Gustav Nyquist.
4:22 of 2nd period - Shot Misses the Net.
4:24 of 2nd period - Shot by Derek Stepan.
4:24 of 2nd period - Goal by Derek Stepan - COLORADO Avalanche : 2 - WASHINGTON Capitals : 1.
4:25 of 2nd period - Craig Smith wins face-off versus William Karlsson in neutral zone.
5:21 of 2nd period - Gustav Nyquist is hit by Craig Smith and loses puck.
5:50 of 2nd period - Shot by Patrick Maroon.
5:50 of 2nd period - Stopped by Jimmy Howard without a rebound.
5:51 of 2nd period - Mathieu Perreault wins face-off versus Ryan Strome in WASHINGTON Capitals zone.
5:52 of 2nd period - Shot by Ryan Spooner.
5:52 of 2nd period - Shot Misses the Net.
6:14 of 2nd period - Shot by Pavel Buchnevich.
6:14 of 2nd period - Stopped by Brian Elliott without a rebound.
6:15 of 2nd period - Darren Helm wins face-off versus William Karlsson in COLORADO Avalanche zone.
6:25 of 2nd period - William Karlsson is hit by Darren Helm and loses puck.
6:40 of 2nd period - Shot by Blake Comeau.
6:40 of 2nd period - Stopped by Brian Elliott without a rebound.
6:41 of 2nd period - Derek Stepan wins face-off versus Craig Smith in COLORADO Avalanche zone.
6:52 of 2nd period - Shot by Derek Stepan.
6:52 of 2nd period - Shot Misses the Net.
6:58 of 2nd period - Shot by Gustav Nyquist.
6:58 of 2nd period - Stopped by Brian Elliott without a rebound.
6:59 of 2nd period - Darren Helm wins face-off versus William Karlsson in COLORADO Avalanche zone.
7:12 of 2nd period - Shot by Darren Helm.
7:12 of 2nd period - Stopped by Jimmy Howard without a rebound.
7:13 of 2nd period - Christian Dvorak wins face-off versus Craig Smith in WASHINGTON Capitals zone.
7:13 of 2nd period - Christian Dvorak is hit by David Pastrnak.
7:23 of 2nd period - Shot by Derek Stepan.
7:23 of 2nd period - Deflect By Christian Dvorak.
7:23 of 2nd period - Shot Misses the Net.
7:25 of 2nd period - Shot by Andy Greene.
7:25 of 2nd period - Stopped by Brian Elliott without a rebound.
7:26 of 2nd period - Darren Helm wins face-off versus William Karlsson in COLORADO Avalanche zone.
7:28 of 2nd period - Icing by Patrick Maroon.
7:29 of 2nd period - William Karlsson wins face-off versus Darren Helm in COLORADO Avalanche zone.
7:35 of 2nd period - Minor Penalty to Jonathan Ericsson for Slashing.
7:36 of 2nd period - Zack Smith wins face-off versus William Karlsson in COLORADO Avalanche zone.
8:02 of 2nd period - Shot by Trevor Daley.
8:02 of 2nd period - Stopped by Brian Elliott without a rebound.
8:03 of 2nd period - Derek Stepan wins face-off versus Zack Smith in COLORADO Avalanche zone.
8:15 of 2nd period - Icing by Adam Larsson.
8:16 of 2nd period - Derek Stepan wins face-off versus Zack Smith in WASHINGTON Capitals zone.
8:40 of 2nd period - Brock Boeser is hit by Craig Smith and loses puck.
9:11 of 2nd period - Shot by Craig Smith.
9:11 of 2nd period - Stopped by Jimmy Howard without a rebound.
9:12 of 2nd period - William Karlsson wins face-off versus Zack Smith in WASHINGTON Capitals zone.
9:17 of 2nd period - Shot by Thomas Hickey.
9:17 of 2nd period - Stopped by Brian Elliott with a rebound.
9:29 of 2nd period - Shot by Trevor Daley.
9:29 of 2nd period - Shot Misses the Net.
9:31 of 2nd period - Shot by Thomas Hickey.
9:31 of 2nd period - Shot Blocked by David Perron.
9:33 of 2nd period - Shot by Blake Comeau.
9:33 of 2nd period - Goal by Blake Comeau - COLORADO Avalanche : 2 - WASHINGTON Capitals : 2.
9:34 of 2nd period - Mathieu Perreault wins face-off versus Ryan Strome in neutral zone.
11:38 of 2nd period - Off-side.
11:39 of 2nd period - Blake Coleman wins face-off versus Darren Helm in neutral zone.
11:51 of 2nd period - Jordan Weal is hit by Adam McQuaid and loses puck.
12:17 of 2nd period - Shot by Patrick Maroon.
12:17 of 2nd period - Shot Blocked by Matt Hendricks.
12:19 of 2nd period - Shot by Darren Helm.
12:19 of 2nd period - Deflect By David Perron.
12:19 of 2nd period - Goal by David Perron - COLORADO Avalanche : 3 - WASHINGTON Capitals : 2.
12:20 of 2nd period - Craig Smith wins face-off versus William Karlsson in neutral zone.
12:27 of 2nd period - Shot by Jeff Skinner.
12:27 of 2nd period - Deflect By David Pastrnak.
12:27 of 2nd period - Shot Misses the Net.
12:51 of 2nd period - Shot by Jonas Brodin.
12:51 of 2nd period - Stopped by Jimmy Howard with a rebound.
12:53 of 2nd period - Shot by Jonas Brodin.
12:53 of 2nd period - Goal by Jonas Brodin - COLORADO Avalanche : 4 - WASHINGTON Capitals : 2.
12:53 of 2nd period - Robin Lehner enters game.
12:54 of 2nd period - Derek Stepan wins face-off versus Zack Smith in neutral zone.
14:01 of 2nd period - Jonas Brodin is hit by Blake Comeau and loses puck.
14:06 of 2nd period - Shot by Brock Boeser.
14:06 of 2nd period - Stopped by Brian Elliott with a rebound.
14:08 of 2nd period - Shot by Anton Stralman.
14:08 of 2nd period - Stopped by Brian Elliott without a rebound.
14:09 of 2nd period - Craig Smith wins face-off versus Ryan Strome in COLORADO Avalanche zone.
14:21 of 2nd period - Jeff Skinner is hit by Jakub Vrana and loses puck.
14:40 of 2nd period - Shot by Jeff Skinner.
14:40 of 2nd period - Stopped by Robin Lehner without a rebound.
14:41 of 2nd period - Darren Helm wins face-off versus William Karlsson in WASHINGTON Capitals zone.
14:50 of 2nd period - Shot by Darren Helm.
14:50 of 2nd period - Shot Misses the Net.
15:00 of 2nd period - Shot by David Perron.
15:00 of 2nd period - Goal by David Perron - COLORADO Avalanche : 5 - WASHINGTON Capitals : 2.
15:01 of 2nd period - Zack Smith wins face-off versus Derek Stepan in neutral zone.
15:23 of 2nd period - Shot by Gustav Nyquist.
15:23 of 2nd period - Stopped by Brian Elliott without a rebound.
15:24 of 2nd period - David Pastrnak wins face-off versus William Karlsson in COLORADO Avalanche zone.
15:50 of 2nd period - Shot by Blake Comeau.
15:50 of 2nd period - Stopped by Brian Elliott without a rebound.
15:51 of 2nd period - Derek Stepan wins face-off versus Darren Helm in COLORADO Avalanche zone.
16:01 of 2nd period - Shot by Jonas Brodin.
16:01 of 2nd period - Shot Blocked by Trevor Daley.
16:24 of 2nd period - Shot by Darren Helm.
16:24 of 2nd period - Shot Misses the Net.
16:57 of 2nd period - Shot by William Karlsson.
16:57 of 2nd period - The goal is going for a video replay.
16:57 of 2nd period - The goal is good.
16:57 of 2nd period - Goal by William Karlsson - COLORADO Avalanche : 5 - WASHINGTON Capitals : 3.
16:58 of 2nd period - Ryan Strome wins face-off versus Rick Nash in neutral zone.
17:13 of 2nd period - Shot by Jakub Vrana.
17:13 of 2nd period - Shot Blocked by Adam McQuaid.
17:15 of 2nd period - Shot by Anton Stralman.
17:15 of 2nd period - Stopped by Brian Elliott without a rebound.
17:16 of 2nd period - Craig Smith wins face-off versus William Karlsson in COLORADO Avalanche zone.
17:29 of 2nd period - Blake Comeau is hit by David Pastrnak and loses puck.
17:46 of 2nd period - Icing by Braydon Coburn.
17:47 of 2nd period - Darren Helm wins face-off versus William Karlsson in WASHINGTON Capitals zone.
18:04 of 2nd period - Shot by David Perron.
18:04 of 2nd period - Stopped by Robin Lehner without a rebound.
18:05 of 2nd period - Derek Stepan wins face-off versus Mathieu Perreault in WASHINGTON Capitals zone.
18:11 of 2nd period - Icing by Anton Stralman.
18:12 of 2nd period - Derek Stepan wins face-off versus Craig Smith in WASHINGTON Capitals zone.
18:47 of 2nd period - Shot by David Pastrnak.
18:47 of 2nd period - Stopped by Robin Lehner without a rebound.
18:48 of 2nd period - Patrick Maroon wins face-off versus William Karlsson in WASHINGTON Capitals zone.
19:10 of 2nd period - Shot by Blake Comeau.
19:10 of 2nd period - Stopped by Brian Elliott with a rebound.
19:12 of 2nd period - Shot by William Karlsson.
19:12 of 2nd period - Deflect By Brock Boeser.
19:12 of 2nd period - Shot Blocked by Jonas Brodin.
19:18 of 2nd period - Shot by Blake Comeau.
19:18 of 2nd period - Shot Misses the Net.
19:20 of 2nd period - Shot by Andy Greene.
19:20 of 2nd period - Stopped by Brian Elliott with a rebound.
19:33 of 2nd period - Icing by Andy Greene.
19:34 of 2nd period - Craig Smith wins face-off versus William Karlsson in WASHINGTON Capitals zone.
19:58 of 2nd period - Shot by Gustav Nyquist.
19:58 of 2nd period - Shot Misses the Net.
Goals for this period are 4 for COLORADO Avalanche vs 3 for WASHINGTON Capitals.
Shots for this period are 16 for COLORADO Avalanche vs 16 for WASHINGTON Capitals.

3rd period


0:01 of 3rd period - Craig Smith wins face-off versus William Karlsson in neutral zone.
0:06 of 3rd period - Shot by David Pastrnak.
0:06 of 3rd period - Stopped by Robin Lehner without a rebound.
0:07 of 3rd period - Craig Smith wins face-off versus William Karlsson in WASHINGTON Capitals zone.
0:27 of 3rd period - Icing by Blake Comeau.
0:28 of 3rd period - Darren Helm wins face-off versus William Karlsson in WASHINGTON Capitals zone.
0:59 of 3rd period - Icing by William Karlsson.
1:00 of 3rd period - William Karlsson wins face-off versus Craig Smith in WASHINGTON Capitals zone.
2:18 of 3rd period - David Savard is hit by Christian Dvorak.
2:56 of 3rd period - Thomas Hickey is hit by Ryan Spooner and loses puck.
3:17 of 3rd period - Shot by Thomas Hickey.
3:17 of 3rd period - Stopped by Brian Elliott with a rebound.
3:19 of 3rd period - Shot by Thomas Hickey.
3:19 of 3rd period - Shot Misses the Net.
3:21 of 3rd period - Shot by Jakub Vrana.
3:21 of 3rd period - Stopped by Brian Elliott with a rebound.
3:23 of 3rd period - Shot by Pavel Buchnevich.
3:23 of 3rd period - Shot Blocked by Jonathan Ericsson.
4:03 of 3rd period - Shot by Darren Helm.
4:03 of 3rd period - Stopped by Robin Lehner without a rebound.
4:04 of 3rd period - Derek Stepan wins face-off versus Kris Versteeg in WASHINGTON Capitals zone.
4:53 of 3rd period - Shot by David Perron.
4:53 of 3rd period - Stopped by Robin Lehner without a rebound.
4:54 of 3rd period - Darren Helm wins face-off versus William Karlsson in WASHINGTON Capitals zone.
4:55 of 3rd period - Shot by David Perron.
4:55 of 3rd period - Shot Blocked by Braydon Coburn.
5:05 of 3rd period - Shot by Blake Comeau.
5:05 of 3rd period - Shot Misses the Net.
5:11 of 3rd period - Shot by William Karlsson.
5:11 of 3rd period - Shot Blocked by Jonathan Ericsson.
5:13 of 3rd period - Shot by Thomas Hickey.
5:13 of 3rd period - Shot Blocked by Jonas Brodin.
6:03 of 3rd period - Shot by Ryan Strome.
6:03 of 3rd period - Shot Blocked by Dan Girardi.
6:21 of 3rd period - Shot by Craig Smith.
6:21 of 3rd period - Shot Misses the Net.
7:00 of 3rd period - Shot by Jordan Weal.
7:00 of 3rd period - Stopped by Brian Elliott without a rebound.
7:01 of 3rd period - Derek Stepan wins face-off versus Darren Helm in COLORADO Avalanche zone.
7:06 of 3rd period - Shot by Derek Stepan.
7:06 of 3rd period - Deflect By Gustav Nyquist.
7:06 of 3rd period - Stopped by Brian Elliott without a rebound.
7:07 of 3rd period - Derek Stepan wins face-off versus Darren Helm in COLORADO Avalanche zone.
7:13 of 3rd period - Icing by David Perron.
7:14 of 3rd period - Darren Helm wins face-off versus William Karlsson in COLORADO Avalanche zone.
7:14 of 3rd period - Darren Helm is hit by William Karlsson.
7:23 of 3rd period - David Perron is hit by Thomas Hickey and loses puck.
7:28 of 3rd period - Shot by Patrick Maroon.
7:28 of 3rd period - Shot Misses the Net.
7:30 of 3rd period - Shot by Darren Helm.
7:30 of 3rd period - Shot Misses the Net.
7:38 of 3rd period - Shot by Darren Helm.
7:38 of 3rd period - Shot Misses the Net.
7:53 of 3rd period - Off-side.
7:54 of 3rd period - Derek Stepan wins face-off versus Mathieu Perreault in neutral zone.
7:54 of 3rd period - Gustav Nyquist is hit by Mathieu Perreault and loses puck.
8:03 of 3rd period - Shot by Derek Stepan.
8:03 of 3rd period - Shot Misses the Net.
8:05 of 3rd period - Shot by Adam Larsson.
8:05 of 3rd period - Shot Misses the Net.
8:37 of 3rd period - Shot by Adam Larsson.
8:37 of 3rd period - Shot Hit the Post.
8:39 of 3rd period - Shot by Gustav Nyquist.
8:39 of 3rd period - Stopped by Brian Elliott without a rebound.
8:40 of 3rd period - William Karlsson wins face-off versus Craig Smith in COLORADO Avalanche zone.
8:57 of 3rd period - Shot by David Pastrnak.
8:57 of 3rd period - Stopped by Robin Lehner without a rebound.
8:58 of 3rd period - Darren Helm wins face-off versus Blake Coleman in WASHINGTON Capitals zone.
9:01 of 3rd period - Shot by David Perron.
9:01 of 3rd period - Stopped by Robin Lehner with a rebound.
9:13 of 3rd period - Off-side.
9:14 of 3rd period - William Karlsson wins face-off versus Craig Smith in neutral zone.
9:25 of 3rd period - Shot by Blake Comeau.
9:25 of 3rd period - Stopped by Brian Elliott without a rebound.
9:26 of 3rd period - Pavel Buchnevich wins face-off versus Zack Smith in COLORADO Avalanche zone.
9:37 of 3rd period - Shot by Jakub Vrana.
9:37 of 3rd period - Shot Misses the Net.
9:53 of 3rd period - Shot by Carl Hagelin.
9:53 of 3rd period - Stopped by Robin Lehner with a rebound.
9:55 of 3rd period - Shot by Jonas Brodin.
9:55 of 3rd period - Stopped by Robin Lehner without a rebound.
9:56 of 3rd period - William Karlsson wins face-off versus Craig Smith in WASHINGTON Capitals zone.
10:14 of 3rd period - Anton Stralman is hit by Dan Girardi and loses puck.
10:24 of 3rd period - Icing by Adam Larsson.
10:25 of 3rd period - Darren Helm wins face-off versus William Karlsson in WASHINGTON Capitals zone.
11:30 of 3rd period - Jeff Skinner is hit by Adam Larsson.
12:13 of 3rd period - Off-side.
12:14 of 3rd period - Mathieu Perreault wins face-off versus Blake Coleman in neutral zone.
13:04 of 3rd period - Icing by Thomas Hickey.
13:05 of 3rd period - Darren Helm wins face-off versus Blake Coleman in WASHINGTON Capitals zone.
13:14 of 3rd period - Shot by Jonas Brodin.
13:14 of 3rd period - Stopped by Robin Lehner without a rebound.
13:15 of 3rd period - Christian Dvorak wins face-off versus Craig Smith in WASHINGTON Capitals zone.
13:34 of 3rd period - Icing by Craig Smith.
13:35 of 3rd period - Ryan Strome wins face-off versus Craig Smith in COLORADO Avalanche zone.
14:17 of 3rd period - Icing by David Savard.
14:18 of 3rd period - Craig Smith wins face-off versus William Karlsson in COLORADO Avalanche zone.
17:17 of 3rd period - Anton Stralman is hit by Mathieu Perreault and loses puck.
17:27 of 3rd period - Jordan Weal is hit by David Savard and loses puck.
17:49 of 3rd period - Off-side.
17:50 of 3rd period - Derek Stepan wins face-off versus David Pastrnak in neutral zone.
17:57 of 3rd period - Shot by Christian Dvorak.
17:57 of 3rd period - Shot Misses the Net.
18:31 of 3rd period - Shot by Derek Stepan.
18:31 of 3rd period - Shot Misses the Net.
19:17 of 3rd period - Shot by William Karlsson.
19:17 of 3rd period - Shot Misses the Net.
19:19 of 3rd period - Shot by Blake Comeau.
19:19 of 3rd period - Shot Misses the Net.
19:21 of 3rd period - Shot by Thomas Hickey.
19:21 of 3rd period - Stopped by Brian Elliott without a rebound.
19:22 of 3rd period - Zack Smith wins face-off versus Ryan Strome in COLORADO Avalanche zone.
19:22 of 3rd period - Zack Smith is hit by Pavel Buchnevich.
19:53 of 3rd period - Shot by Carl Hagelin.
19:53 of 3rd period - Stopped by Robin Lehner without a rebound.
19:54 of 3rd period - Brock Boeser wins face-off versus Darren Helm in WASHINGTON Capitals zone.
Goals for this period are 0 for COLORADO Avalanche vs 0 for WASHINGTON Capitals.
Shots for this period are 9 for COLORADO Avalanche vs 7 for WASHINGTON Capitals.